 Dungeon Crawl Stone Soup version 0.28-b1-70-g80dc712255 (webtiles) character file.

Game seed: 7161519672184936102

30 BeingJoeMalik the Skirmisher (level 3, 0/31 HPs)
             Began as a Palentonga Fighter on Feb 4, 2022.
             Slain by Sigmund (8 damage)
             ... on level 2 of the Dungeon.
             The game lasted 00:02:27 (1075 turns).

BeingJoeMalik the Skirmisher (Palentonga Fighter)   Turns: 1075, Time: 00:02:27

Health: 0/31       AC:  6    Str: 19    XL:     3   Next: 5%
Magic:  3/3        EV:  7    Int:  8    God:
Gold:   76         SH:  4    Dex: 11    Spells: 2/2 levels left

rFire   . . .      SeeInvis +   a - +0 flail
rCold   . . .      Faith    .   c - +0 buckler
rNeg    . . .      Spirit   .   b - +0 scale mail
rPois   .          Reflect  .   (no helmet)
rElec   .          Harm     .   (no cloak)
rCorr   .          Rampage  .   (no gloves)
Will    .....                   (no barding)
Stlth   ..........              (no amulet)
HPRegen 0.10/turn               (no ring)
MPRegen 0.08/turn               (no ring)

@: mighty
A: large, rugged brown scales 3, see invisible, deformed body, roll 1, armoured
tail
a: Rolling Charge


You were on level 2 of the Dungeon.
You visited 1 branch of the dungeon, and saw 2 of its levels.

You collected 76 gold pieces.

Inventory:

Hand Weapons
 a - a +0 flail (weapon)
Missiles
 g - 6 poisoned darts
Armour
 b - a +0 scale mail (worn)
 c - a +0 buckler (worn)
 h - a +0 helmet
Scrolls
 e - a scroll of silence {unknown}
 f - a scroll of holy word {unknown}
 i - a scroll of identify {unknown}


   Skills:
 - Level 3.0 Fighting
 + Level 2.8 Maces & Flails
 - Level 2.4 Armour
 + Level 3.0 Shields


You had 2 spell levels left.
You didn't know any spells.
Your spell library was empty.

Dungeon Overview and Level Annotations

Branches:
Dungeon (2/15)

Altars:

Annotations:
D:2 Sigmund


Innate Abilities, Weirdness & Mutations

You are completely covered in rugged brown scales. (AC +3, +7% HP)
You have supernaturally acute eyesight. (SInv)
Armour fits poorly on your strangely shaped body.
You can roll at nearby foes to attack.
You have a long armoured tail.


Message History

You bump into the rock wall.
You bump into the rock wall.
Sigmund points at you and mumbles some strange words.
The puff of flame hits you.
You're too confused to move!
You bump into the rock wall.
Sigmund mumbles some strange words.
Sigmund flickers and vanishes for a moment.
You feel less confused. You block Sigmund's attack.
Roll where?
Press: ? - help, Dir - move target, f - Sigmund
Aim: Sigmund, wielding a +0 scythe and wearing a +0 robe (slightly transparent)
You roll forward with a clatter of scales!
You hit Sigmund but do no damage. Sigmund closely misses you.
You thump Sigmund!
Sigmund is moderately wounded.
Sigmund hits you with a +0 scythe!
You barely miss Sigmund.
Sigmund is moderately wounded.
You block Sigmund's attack.
You closely miss Sigmund.
Your tail-slap misses Sigmund.
Sigmund is moderately wounded.
You feel very mighty all of a sudden.
Sigmund is suddenly surrounded by pale red light.
Sigmund barely misses you.
You sock Sigmund!
Sigmund is severely wounded.
Sigmund hits you but does no damage.
You closely miss Sigmund.
Sigmund is severely wounded.
Sigmund hits you with a +0 scythe!
* * * LOW HITPOINT WARNING * * *
You closely miss Sigmund. You tail-slap Sigmund.
Sigmund is severely wounded.
You block Sigmund's attack.
You barely miss Sigmund.
Sigmund is severely wounded.
Sigmund hits you with a +0 scythe!
You die...

# #. ... ## .... . .....
# ......############ #
......@@.........#######
.......#########........
....... #########
....... ##...## ####


You could see Sigmund (invisible).

Vanquished Creatures
  4 dart slugs (D:1)
  2 endoplasms (D:1)
  A hobgoblin (D:1)
  4 jackals (D:1)
  A quokka (D:1)
  2 ball pythons (D:1)
  A frilled lizard (D:2)
  4 goblins (D:1)
  A kobold (D:2)
  A rat (D:1)
21 creatures vanquished.

Notes
Turn   | Place    | Note
-------+----------+-------------------------------------------
     0 | D:1      | BeingJoeMalik the Palentonga Fighter began the quest for
                  | the Orb.
     0 | D:1      | Reached XP level 1. HP: 19/19 MP: 1/1
   284 | D:1      | Reached XP level 2. HP: 19/25 MP: 2/2
   816 | D:1      | Reached XP level 3. HP: 25/31 MP: 3/3
  1059 | D:2      | Noticed Sigmund
  1075 | D:2      | Slain by Sigmund

Illustrated notes

Levels and vault maps discovered:
D:1:      dpeg_arrival_tiny_h, layout_rooms, minmay_statues_item,
          minmay_shallow_snake_nest
D:2:      layout_rooms, serial_curves, eino_curves_02, eino_curves_03,
          minmay_quantized, uniq_sigmund, uniq_crazy_yiuf_cottage, uniq_terence

Skill      XL: |  1  2 |
---------------+-------+-----
Shields        | 3 |  3.0
Fighting       | |  3.0
Maces & Flails | |  2.8
Armour         | |  2.4

Action                   || total
-------------------------++-------
Melee: Flail             ||    86
       Tailslap          ||     4
 Abil: Rolling Charge    ||     1
  Use: Potion            ||     1
Armor: Scale mail        ||    36
Dodge: Dodged            ||    32
Block: Buckler           ||    21
